AoeStats
← Darth MBAG

Nomad

510437260Analyzed
4v4 RM · 9h ago on Oct 1, 2026· 31m 8s· 8 players
Game mode
Random Map
Map size
231×231
Population
200
Speed
Normal
Resources
Standard
Victory
Conquest
Starting age
Dark Age
Ending age
Imperial Age
RankedLock teamsTeams togetherTeam positionsShared explorationLock speedFull tech treeHidden civsTurbo modeCheats
Victory
Defeat
🇳🇿 Wu · New Zealand
1256
+12
🇺🇸 Britons · United States
1241
+13
🇹🇼 Vietnamese · Taiwan
1148
+16
🇳🇿 Persians · New Zealand
1111
+19
🇺🇸 Vietnamese · United States
1164
-15
🇨🇦 Danes · Canada
1163
-15
🇨🇦 Britons · Canada
1161
-15
🇺🇸 Romans · United States
1159
-15
CAS MBAG
11:58 Loom
14:07 Feudal Age
17:42 Castle Age
16:56 Double-Bit Axe
Darth MBAG
6:15 Loom
16:10 Feudal Age
18:32 Bloodlines
21:12 Town Watch
22:03 Wheelbarrow
21:42 Forging
21:38 Scale Barding Armor
DrKaiser
12:36 Loom
15:52 Feudal Age
22:34 Castle Age
20:56 Double-Bit Axe
28:21 Arson
28:45 Scale Mail Armor
31:17 Forging
31:12 Squires
OUASO
11:38 Loom
12:26 Loom
15:22 Feudal Age
16:24 Double-Bit Axe
20:03 Horse Collar
22:59 Fletching
29:00 Castle Age
28:21 Padded Archer Armor
Imyourextasy
15:28 Feudal Age
13:43 Loom
16:56 Double-Bit Axe
19:19 Stone Mining
20:11 Loom
22:37 Castle Age
20:40 Padded Archer Armor
21:41 Fletching
23:10 Scale Barding Armor
25:39 Chain Barding Armor
30:16 Wheelbarrow
30:18 Forging
jordan.armstrong
3:22 Loom
14:28 Feudal Age
15:00 Double-Bit Axe
16:34 Fishing Lines
19:35 Bloodlines
20:43 Forging
20:39 Scale Barding Armor
21:24 Wheelbarrow
25:38 Castle Age
23:38 Horse Collar
27:27 Bow Saw
29:49 Husbandry
30:33 Iron Casting
FinRahZel
4:24 Loom
13:51 Feudal Age
14:44 Double-Bit Axe
20:17 Castle Age
19:45 Stone Mining
20:30 Fishing Lines
25:14 Fletching
25:25 Padded Archer Armor
27:03 Bodkin Arrow
27:27 Leather Archer Armor
27:55 Bow Saw
Oscar_Lee
11:07 Loom
14:53 Feudal Age
19:32 Castle Age
17:28 Horse Collar
17:40 Gold Mining
18:07 Padded Archer Armor
18:54 Double-Bit Axe
21:19 Bow Saw
21:12 Heavy Plow
21:07 Fletching
26:38 Stone Mining
29:38 Ballistics
31:44 Heavy Plow
31:42 Bodkin Arrow
Connection lost

Rejoining the realm…

Still unreachable

The connection could not be restored.

Session expired

The server has moved on; the page needs a fresh start.